 Dungeon Crawl Stone Soup version 0.17-a0-1105-gbe8b664 (webtiles) character file.

6591 Perunarutto the Cleaver (level 10, -7/80 HPs)
             Began as a Demonspawn Gladiator on May 21, 2015.
             Mangled by a shock serpent (10 damage)
             ... on level 10 of the Dungeon.
             The game lasted 01:04:29 (8479 turns).

Perunarutto the Cleaver (Demonspawn Gladiator)      Turns: 8479, Time: 01:04:29

Health: -7/80      AC: 17    Str: 19    XL:     10   Next: 71%
Magic:  0/13       EV: 14    Int: 10    God:
Gold:   607        SH:  0    Dex: 20    Spells: 1 memorised, 6 levels left

rFire  . . .     SeeInvis .     a - +3 war axe
rCold  . . .     Clarity  .     f - +1 plate armour
rNeg   . . .     SustAb   .     (no shield)
rPois  .         Gourm    .     c - +1 helmet
rElec  .         Spirit   +     (no cloak)
rCorr  .         Warding  .     (no gloves)
rMut   .         Stasis   .     (no boots)
MR     .....                    y - amulet of guardian spirit
Stlth  ..........               (no ring)
                                m - ring of flight

@: agile, not resistant to hostile enchantments, extremely unstealthy
A: claws 2, thin skeletal structure 1, powered by pain 1, spiny 2
a: Evoke Flight


You were on level 10 of the Dungeon.
You were not hungry.

You visited 1 branch of the dungeon, and saw 10 of its levels.
You also visited: Ossuary.

You collected 607 gold pieces.

Inventory:

Hand weapons
 a - a +3 war axe (weapon)
Missiles
 d - 3 throwing nets (quivered)
Armour
 c - a +1 helmet (worn)
 f - a +1 plate armour (worn)
Jewellery
 m - a ring of flight (left claw)
 y - an amulet of guardian spirit (around neck)
Magical devices
 n - a wand of lightning (6)
 t - a wand of polymorph (5)
 v - a wand of lightning (5)
 w - a wand of flame (27)
Scrolls
 b - a scroll of silence {unknown}
 e - 2 scrolls of blinking
 i - 2 scrolls of amnesia
 k - 6 scrolls of remove curse
 G - a scroll of magic mapping
 H - a scroll of fear {unknown}
Potions
 h - 3 potions of ambrosia
 j - a potion of berserk rage {unknown}
 p - a potion of haste {unknown}
 r - a potion of curing
 u - a potion of beneficial mutation {unknown}
 A - 2 potions of degeneration {unknown}
 B - 4 potions of poison {unknown}
 C - a potion of heal wounds {unknown}
 D - 3 potions of magic {unknown}
 F - a potion of cure mutation {unknown}
 I - 2 potions of flight {unknown}
 J - a potion of cancellation {unknown}
Comestibles
 g - 3 bread rations
 l - a slice of pizza
 q - 5 beef jerkies
 x - 4 meat rations


   Skills:
 + Level 8.0 Fighting
 + Level 9.1 Axes
 + Level 2.0 Throwing
 + Level 8.2 Armour
 + Level 4.3 Dodging
 + Level 1.1 Stealth
 + Level 4.3 Evocations


You had 6 spell levels left.
You knew the following spells:

 Your Spells              Type           Power        Failure   Level  Hunger
a - Confuse               Hex            #.......     100%        3    ####...


Dungeon Overview and Level Annotations

Branches:
Dungeon (10/15)
 Temple: D:4-7         Lair: D:8-11         Orc: D:9-12

Altars:
Gozag
Makhleb
Okawaru
Qazlal
Ru
Trog

Annotations:
D:3 Perunarutto's ghost, average HEHu


Innate Abilities, Weirdness & Mutations

You have very sharp fingernails.
You have a somewhat thin skeletal structure (Dex +2, Stealth).
You sometimes gain a little power by taking damage.
You are mostly covered in sharp spines.


Message History

The shock serpent bites you but does no damage.
You slash the shock serpent!
The shock serpent is severely wounded.
The shock serpent's electric aura discharges!
The lightning shocks you.
* * * LOW HITPOINT WARNING * * *
The shock serpent shoots out a bolt of lightning at you!
The bolt of electricity misses you.
The shock serpent shoots out a bolt of lightning at you!
The bolt of electricity hits you!
* * * LOW HITPOINT WARNING * * *
You hit the shock serpent.
The shock serpent is almost dead.
The shock serpent's electric aura discharges!
The lightning shocks you.
* * * LOW HITPOINT WARNING * * *
The shock serpent bites you.
* * * LOW HITPOINT WARNING * * *
The shock serpent shocks you!
You die...

##... #..†.......
#..##.........
#.......###
.......). #..##
#.)....##
......... #..#
#......# .........
#.###..#####
#......# #..#...#
#.....# #......#
#....######...####
#....WS@....##
#.......#....##
.......#######.#
....... ###
....... .......
$#..... #.##..


You could see a shock serpent and a hungry ghost.

Vanquished Creatures
  2 harpies (D:10)
  A hill giant (D:7)
  The ghost of Hanyuu the Insei, an experienced OpTm (D:5)
  A fire drake (D:9)
  A two-headed ogre (D:9)
  A spriggan (D:7)
  A hippogriff (D:10)
  2 golden eyes
  2 water moccasins (D:10)
  Duvessa (D:7)
  A sky beast (D:9)
  3 ice beasts
  A phantom (D:10)
  A black bear (D:7)
  A boggart (D:8)
  2 centaurs
  An eye of draining (D:10)
  2 orc warriors
  3 ogres
  4 giant frogs
  A gnoll sergeant (D:6)
  2 water moccasin zombies (Ossuary)
  A wyvern skeleton (D:7)
  3 scorpions
  A water moccasin skeleton (D:6)
  Dowan (D:7)
  3 killer bees (D:7)
  3 quasits
  4 wights (D:6)
  3 giant frog zombies
  A centaur zombie (D:9)
  2 centaur skeletons
  3 hounds
  Ijyb (D:2)
  2 giant frog skeletons (D:8)
  2 jellies
  4 orc wizards
  6 worker ants
  3 orc priests
  A killer bee zombie (D:7)
  A big kobold zombie (Ossuary)
  2 mummies (Ossuary)
  4 gnolls (D:6)
  A worker ant zombie (D:9)
  6 adders
  A giant eyeball (D:9)
  8 adder zombies (Ossuary)
  A worm (D:3)
  3 giant geckos
  18 orcs
  9 bats
  A bat zombie (D:5)
  2 giant cockroaches
  12 hobgoblins
  12 jackals
  5 quokkas
  2 ball pythons
  9 giant newts
  3 gnoll zombies (Ossuary)
  8 goblins
  3 hobgoblin zombies (Ossuary)
  13 kobolds
  5 kobold zombies (Ossuary)
  2 orc zombies (Ossuary)
  A quokka zombie (D:7)
  11 rats
222 creatures vanquished.

Vanquished Creatures (others)
  A hobgoblin (D:7)
1 creature vanquished.

Grand Total: 223 creatures vanquished

Notes
Turn   | Place    | Note
--------------------------------------------------------------
     0 | D:1      | Perunarutto the Demonspawn Gladiator began the quest for the Orb.
     0 | D:1      | Reached XP level 1. HP: 16/16 MP: 1/1
   518 | D:1      | Gained mutation: You have sharp fingernails. [demonic ancestry]
   518 | D:1      | Reached XP level 2. HP: 4/22 MP: 2/2
   789 | D:1      | Reached skill level 3 in Dodging
  1179 | D:2      | Reached XP level 3. HP: 15/28 MP: 3/3
  1354 | D:2      | Noticed Ijyb
  1368 | D:2      | Killed Ijyb
  1578 | D:3      | Reached skill level 1 in Armour
  1602 | D:3      | Gained mutation: You are partially covered in sharp spines. [demonic ancestry]
  1602 | D:3      | Reached XP level 4. HP: 24/34 MP: 4/4
  1681 | D:3      | Noticed Perunarutto's ghost (average HEHu)
  2168 | D:4      | Learned a level 3 spell: Confuse
  2185 | D:4      | Found a sand-covered staircase.
  2190 | Ossuary  | Entered an ossuary
  2210 | Ossuary  | Reached XP level 5. HP: 38/41 MP: 5/5
  2460 | Ossuary  | Reached skill level 4 in Axes
  2460 | Ossuary  | Gained mutation: You have very sharp fingernails. [demonic ancestry]
  2460 | Ossuary  | Reached XP level 6. HP: 42/47 MP: 6/6
  2581 | D:4      | Noticed an ogre
  2592 | D:4      | Killed an ogre
  3000 | D:5      | Entered Level 5 of the Dungeon
  3031 | D:5      | Gained mutation: You are mostly covered in sharp spines. [demonic ancestry]
  3031 | D:5      | Reached XP level 7. HP: 47/54 MP: 7/7
  3068 | D:5      | Reached skill level 5 in Axes
  3080 | D:5      | Found a sacrificial altar of Ru.
  3247 | D:5      | Noticed Hanyuu's ghost (experienced OpTm)
  3276 | D:5      | Killed Hanyuu's ghost
  3276 | D:5      | Reached skill level 5 in Fighting
  3276 | D:5      | Reached skill level 1 in Evocations
  3276 | D:5      | Reached XP level 8. HP: 59/62 MP: 7/9
  3585 | D:6      | Reached skill level 6 in Axes
  3902 | D:6      | Reached skill level 5 in Armour
  3902 | D:6      | Reached skill level 1 in Stealth
  4622 | D:7      | Found an opulent altar of Gozag.
  4643 | D:7      | Found an iron altar of Okawaru.
  4746 | D:7      | Found a stormy altar of Qazlal.
  4831 | D:7      | Noticed Duvessa
  4831 | D:7      | Noticed Dowan
  4834 | D:7      | Killed Dowan
  4837 | D:7      | Killed Duvessa
  4837 | D:7      | Gained mutation: You sometimes gain a little power by taking damage. [demonic ancestry]
  4837 | D:7      | Reached XP level 9. HP: 49/69 MP: 7/10
  4974 | D:7      | Noticed a hill giant
  4985 | D:7      | Killed a hill giant
  4985 | D:7      | Reached skill level 7 in Axes
  5229 | D:7      | Found a burning altar of Makhleb.
  5229 | D:7      | Found a bloodstained altar of Trog.
  6579 | D:9      | Reached skill level 8 in Axes
  6775 | D:9      | Gained mutation: You have a somewhat thin skeletal structure (Dex +2, Stealth). [demonic ancestry]
  6775 | D:9      | Reached XP level 10. HP: 57/79 MP: 7/11
  7665 | D:10     | Entered Level 10 of the Dungeon
  7789 | D:10     | Noticed a harpy
  7789 | D:10     | a hippogriff changed into a harpy
  7809 | D:10     | HP: 4/80 [harpy (11)]
  7812 | D:10     | Killed a harpy
  8321 | D:10     | Noticed a harpy
  8321 | D:10     | a sky beast changed into a harpy
  8330 | D:10     | Killed a harpy
  8330 | D:10     | Reached skill level 9 in Axes
  8420 | D:10     | Noticed Maurice
  8423 | D:10     | Noticed Maurice
  8423 | D:10     | Maurice changed into Maurice the golden eye
  8438 | D:10     | Killed Maurice the golden eye
  8467 | D:10     | Noticed a hill giant
  8468 | D:10     | Noticed a shock serpent
  8468 | D:10     | a hill giant changed into a shock serpent
  8479 | D:10     | HP: 3/80 [shock serpent (5)]
  8479 | D:10     | Mangled by a shock serpent

Vault maps used:
D:1:      dpeg_arrival_radiant
D:2:      kennysheep_the_goblin_king, nicolae_overflow_crystal_walls,
          minivault_25
D:3:      roderic_digamma_sauvastika, uniq_sigmund
D:4:      nicolae_overflow_hidden_temple, enter_ossuary_2,
          hangedman_abyss_or_decor_stabs
D:5:      nicolae_ru_great_annihilating_truth, lemuel_temple_firewalk_marked,
          first_bread, minmay_misc_feat_chi
D:7:      minmay_klotski, nicolae_gozag_cash_rules_everything_around_me,
          gammafunk_temple_overflow_pools, nicolae_qazlal_eye_of_the_storm,
          the_bakery, okawaru_metal_pillars_1_2, uniq_duvessa
D:8:      basic_altar
D:10:     tgw_fedhas, uniq_maurice
Ossuary:  ossuary_tomb_2

Action                   |  1- 3 |  4- 6 |  7- 9 | 10-12 || total
-------------------------+-------+-------+-------+-------++-------
Melee: War axe           |   139 |   124 |   206 |    86 ||   555
Evoke: Wand              |       |     1 |    23 |    24 ||    48
  Use: Scroll            |     3 |     7 |    14 |       ||    24
       Potion            |       |     1 |     1 |     1 ||     3
 Stab: Paralysed         |       |       |     1 |       ||     1
  Eat: Bread ration      |     1 |       |     2 |     1 ||     4
       Fruit             |       |     4 |       |       ||     4
       Royal jelly       |       |       |     1 |       ||     1
       Beef jerky        |       |       |     1 |       ||     1
       Pizza             |       |       |       |     1 ||     1
